 Dungeon Crawl Stone Soup version 0.24.1 (webtiles) character file.

Game seed: 8078012070563797400, levelgen mode: deterministic

1399 seuta the Stinger (level 9, -3/93 HPs)
             Began as a Formicid Venom Mage on Apr 2, 2020.
             Slain by a killer bee (4 damage)
             ... on level 8 of the Dungeon.
             The game lasted 00:16:26 (7623 turns).

seuta the Stinger (Formicid Venom Mage)             Turns: 7623, Time: 00:16:27

Health: -3/93      AC: 24    Str: 15    XL:     9   Next: 1%
Magic:  2/15       EV:  2    Int: 21    God:
Gold:   151        SH:  2    Dex: 11    Spells: 9/16 levels left

rFire    x . .     SeeInvis .   l - +3 dagger
rCold    + . .     Gourm    .   (no shield)
rNeg     + + +     Faith    .   (armour currently unavailable)
rPois    +         Spirit   .   (helmet unavailable)
rElec    .         Reflect  +   (cloak currently unavailable)
rCorr    .         Harm     .   (gloves currently unavailable)
MR       .....                  (boots currently unavailable)
Stlth    +.........             b - +2 amulet of reflection
HPRegen  0.25/turn              m - ring of ice
MPRegen  0.14/turn              E - ring of attention (curse)

@: brilliant, tree-form
A: permanent stasis, dig shafts and tunnels, four strong arms
a: no special abilities


You were on level 8 of the Dungeon.
You were very hungry.
You were a tree.
You visited 1 branch of the dungeon, and saw 6 of its levels.

You collected 151 gold pieces.

Inventory:

Hand Weapons
 e - a +0 club
 l - a +3 dagger (weapon)
 n - a +0 trident
 t - a +0 war axe
 v - a cursed +0 war axe
 B - a +2 trident of piercing
Missiles
 j - 15 poisoned darts (quivered)
 k - 185 stones
Armour
 a - a +0 robe
 o - a +0 scale mail
 r - a +0 ring mail (melded)
 u - a +0 chain mail
Jewellery
 b - a +2 amulet of reflection (around neck)
 m - a ring of ice (left branch)
 E - a cursed ring of attention (right branch)
Wands
 y - a wand of flame (7)
 A - a wand of iceblast (4)
 C - a wand of clouds (2)
 H - a wand of disintegration (7)
Scrolls
 g - 5 scrolls of remove curse
 h - a scroll of enchant weapon {unknown}
 i - 11 scrolls of identify {unknown}
 p - 4 scrolls of magic mapping {unknown}
 q - a scroll of amnesia
 s - a scroll of immolation {unknown}
 F - 2 scrolls of noise {unknown}
Potions
 d - 3 potions of lignification
 f - 2 potions of brilliance
 w - a potion of flight
 z - 2 potions of curing
 G - a potion of resistance {unknown}
Comestibles
 c - 10 rations


   Skills:
 * Level 2.5 Fighting
 - Level 0.8 Short Blades
 * Level 3.2 Axes
 + Level 0.2 Throwing
 * Level 4.9 Armour
 - Level 1.7 Dodging
 - Level 2.4 Stealth
 - Level 4.0 Spellcasting
 + Level 1.1 Conjurations
 + Level 4.0 Air Magic
 + Level 7.6 Poison Magic
 + Level 0.6 Evocations


You had 9 spell levels left.
You knew the following spells:

 Your Spells              Type           Power        Failure   Level  Hunger
a - Sting                 Conj/Pois      ####         1%          1    None
b - Poisonous Vapours     Pois/Air       #####.       1%          2    #......
c - Olgreb's Toxic Radia  Pois           #####...     1%          4    ####...

Your spell library contained the following spells:

 Spells                   Type           Power        Failure   Level  Hunger
 Mephitic Cloud           Conj/Pois/Air  ####....     1%          3    ###....
 Venom Bolt               Conj/Pois      #####.....   7%          5    ######.


Dungeon Overview and Level Annotations

Branches:
Dungeon (5/15)
 Temple: D:4-7

Altars:

Annotations:
D:4 exclusion: downstairs


Innate Abilities, Weirdness & Mutations

You cannot be hasted, slowed, berserked, paralysed or teleported.
You can dig through walls and to a lower floor.
Your four strong arms can wield two-handed weapons with a shield.
((You have a pair of large antennae on your head. (SInv)))


Message History

It was a potion of curing.
You feel better.
The killer bee stings you but does no damage.
The orc warrior hits you but does no damage.
You block the killer bee's attack.
It was a potion of flight.
Your roots keep you in place.
The killer bee looks more healthy.
The killer bee stings you.
* * * LOW HITPOINT WARNING * * *
The orc warrior hits you from afar with a +0 glaive.
* * * LOW HITPOINT WARNING * * *
The orc hits you with a +0 mace.
* * * LOW HITPOINT WARNING * * *
The killer bee stings you but does no damage.
Sorry, you're not good enough to have a special ability.
Unknown command.
Sorry, you're not good enough to have a special ability.
Unknown command.
It was a potion of berserk rage.
Your stasis prevents you from going berserk.
The killer bee stings you.
You die...

..............####o..##
.........h#..## #....#
.........###..#####).##
##.........#.###....##
#.............##.....#
.........{....##:....##
........###...).......#
........†o#####.......#
........oy♣# #.##.%.##
.........).###########
#.......(....#
...#/........#
#..#....##...#
##.......##.## .#..(.
## ...... ..##.


You could see an orc warrior, a killer bee and an orc.

Vanquished Creatures
  Sigmund (D:5)
  An orc warrior (D:8)
  A black bear (D:8)
  2 ogres
  3 killer bees (D:8)
  A crimson imp (D:5)
  A bullfrog skeleton (D:4)
  A jelly (D:5)
  A centaur zombie (D:5)
  2 orc priests (D:4)
  3 hounds
  2 iguanas (D:4)
  5 worker ants
  3 orc wizards
  3 gnolls (D:4)
  8 adders
  A shadow imp (D:5)
  An adder skeleton (D:4)
  4 worms
  A dart slug (D:2)
  6 leopard geckos
  13 orcs
  A ball python (D:4)
  10 bats
  6 giant cockroaches
  12 goblins
  9 hobgoblins
  11 jackals
  3 quokkas (D:2)
  3 frilled lizards
  8 kobolds
  A leopard gecko skeleton (D:4)
  A leopard gecko zombie (D:5)
  8 rats
137 creatures vanquished.

Notes
Turn   | Place    | Note
-------+----------+-------------------------------------------
     0 | D:1      | seuta the Formicid Venom Mage began the quest for the Orb.
     0 | D:1      | Reached XP level 1. HP: 13/13 MP: 3/3
   222 | D:1      | Reached XP level 2. HP: 19/19 MP: 3/5
   226 | D:1      | Learned a level 2 spell: Poisonous Vapours
   383 | D:1      | Reached skill level 1 in Conjurations
  1196 | D:1      | Reached XP level 3. HP: 24/24 MP: 4/7
  1493 | D:2      | Reached skill level 5 in Poison Magic
  1611 | D:2      | Reached XP level 4. HP: 21/31 MP: 1/8
  2908 | D:2      | Learned a level 4 spell: Olgreb's Toxic Radiance
  2936 | D:2      | Reached XP level 5. HP: 14/36 MP: 1/10
  3283 | D:3      | Reached skill level 1 in Armour
  3291 | D:3      | Reached skill level 1 in Air Magic
  4219 | D:4      | Reached skill level 1 in Fighting
  4219 | D:4      | Reached XP level 6. HP: 42/43 MP: 0/11
  4539 | D:4      | HP: 1/43 [gnoll] (18)]
  4902 | D:4      | Reached skill level 1 in Axes
  5412 | D:4      | Reached XP level 7. HP: 48/48 MP: 4/13
  5476 | D:4      | Reached skill level 6 in Poison Magic
  6433 | D:5      | Entered Level 5 of the Dungeon
  6976 | D:5      | Reached XP level 8. HP: 54/54 MP: 11/14
  7083 | D:5      | Reached skill level 7 in Poison Magic
  7190 | D:5      | Noticed Sigmund
  7198 | D:5      | Killed Sigmund
  7549 | D:5      | You fall into a shaft and drop 3 floors!
  7618 | D:8      | HP: 1/57 [killer bee (6)]
  7620 | D:8      | Reached XP level 9. HP: 2/62 MP: 2/15
  7623 | D:8      | Slain by a killer bee

Levels and vault maps discovered:
D:1:      enne_arrival_octagon_isle, layout_loops_ring
D:2:      layout_basic, first_ration, minmay_tetromino_t4
D:3:      layout_rooms
D:4:      layout_basic
D:5:      layout_rooms, uniq_sigmund, uniq_duvessa
D:8:      layout_cave_pools, basic_altar

Skill      XL: |  1  2  3  4  5  6  7  8 |
---------------+-------------------------+-----
Conjurations   | 1 |  1.1
Spellcasting   | 3 4 |  4.0
Poison Magic   | 5 6 7 |  7.6
Armour         | 2 3 4 |  4.9
Air Magic      | 1 2 4 |  4.0
Fighting       | 1 2 |  2.5
Axes           | 1 2 3 |  3.2
Short Blades   | |  0.8
Throwing       | |  0.2
Dodging        | |  1.7
Stealth        | |  2.4
Evocations     | |  0.6

Action                   |  1- 3 |  4- 6 |  7- 9 || total
-------------------------+-------+-------+-------++-------
Melee: Dagger            |    35 |   189 |    89 ||   313
       Club              |    19 |       |       ||    19
       Unarmed           |    10 |       |       ||    10
Throw: Dart              |       |       |    10 ||    10
 Cast: Sting             |    12 |       |       ||    12
       Poisonous Vapours |    17 |    58 |    57 ||   132
 Abil: Dig               |       |       |     1 ||     1
Evoke: Wand              |       |       |     4 ||     4
  Use: Scroll            |     3 |       |       ||     3
       Potion            |       |       |     5 ||     5
 Stab: Sleeping          |       |     3 |       ||     3
  Eat: Chunk             |     4 |    15 |     8 ||    27
Armor: Robe              |    22 |     5 |       ||    27
       Ring mail         |       |    50 |    21 ||    71
       Skin              |       |       |     8 ||     8
Dodge: Dodged            |    70 |   148 |    59 ||   277
Block: Other             |     1 |    16 |    10 ||    27
       Reflection        |       |     2 |       ||     2
